 Dungeon Crawl Stone Soup version 0.28.0-49-g6dfe1f597d (webtiles) character file.

Game seed: 4987308950146233500

96 Zeld the Chiller (level 4, -5/36 HPs)
             Began as a Ghoul Ice Elementalist on May 17, 2022.
             Slain by Robin
             ... wielding a +2 dagger of distortion
              (22 damage)
             ... on level 3 of the Dungeon.
             The game lasted 00:02:13 (2943 turns).

Zeld the Chiller (Ghoul Ice Elementalist)           Turns: 2943, Time: 00:02:14

Health: -5/36      AC:  2    Str: 11    XL:     4   Next: 67%
Magic:  13/15      EV: 12    Int: 12    God:
Gold:   60         SH:  0    Dex:  9    Spells: 0/7 levels left

rFire   . . .      SeeInvis .   (no weapon)
rCold   + . .      Faith    .   (no shield)
rNeg    + + +      Spirit   .   a - +0 robe
rPois   ∞          Reflect  .   (no helmet)
rElec   .          Harm     .   (no cloak)
rCorr   .          Rampage  .   (no gloves)
Will    .....                   (no boots)
Stlth   ++........              (no amulet)
HPRegen 0.00/turn               b - ring of magical power
MPRegen 0.14/turn               (no ring)

@: inhibited regen
A: claws 1, cold resistance 1, negative energy resistance 3, inhibited
regeneration, torment resistance 2
a: no special abilities


You were on level 3 of the Dungeon.
You visited 1 branch of the dungeon, and saw 3 of its levels.

You collected 60 gold pieces.

Inventory:

Armour
 a - a +0 robe (worn)
Jewellery
 b - a ring of magical power (left claw)
Scrolls
 c - a scroll of immolation {unknown}
 d - 2 scrolls of magic mapping {unknown}
 e - 3 scrolls of identify {unknown}
 f - a scroll of summoning {unknown}
 h - a scroll of vulnerability {unknown}
Potions
 g - a potion of attraction {unknown}


   Skills:
 * Level 2.2 Fighting
 + Level 2.1 Dodging
 + Level 2.8 Stealth
 * Level 2.3 Spellcasting
 * Level 5.0 Ice Magic


You couldn't memorise any spells.
You knew the following spells:

 Your Spells              Type           Power      Damage    Failure   Level
a - Freeze                Ice            52%        1d7       3%          1
b - Frozen Ramparts       Ice            26%        1d4       10%         3
c - Ozocubu's Armour      Ice            13%        N/A       10%         3

Your spell library contained the following spells:

 Spells                   Type           Power      Damage    Failure   Level
 Hailstorm                Conj/Ice       7%         3d4       67%         4
 Summon Ice Beast         Ice/Summ       7%         N/A       67%         4
 Ice Form                 Ice/Tmut       Unusable   N/A       N/A         4

Dungeon Overview and Level Annotations

Branches:
Dungeon (3/15)

Altars:
Hepliaklqana

Annotations:
D:3 Robin


Innate Abilities, Weirdness & Mutations

You thrive by killing the living.
You are immune to poison.
You have sharp fingernails.
Your flesh is cold resistant. (rC+)
You are immune to negative energy. (rN+++)
You do not regenerate when monsters are visible.
You are immune to unholy pain and torment.


Message History

The spell is quite dangerous to miscast (10% risk of failure)!
Continue anyway?
Okay, then.
Casting: Frozen Ramparts (quite dangerous; 10% risk of failure)
Confirm with . or Enter, or press ? or * to list all spells.
The spell is quite dangerous to miscast (10% risk of failure)!
Continue anyway?
Casting: Frozen Ramparts (quite dangerous; 10% risk of failure)
Press: ? - help, Dir - look around, f - activate The walls around you are covered in ice.
The wall freezes the hobgoblin.
Robin throws the goblin at you!
The wall freezes the hobgoblin.
You kill the hobgoblin!
A hobgoblin comes into view.
A goblin comes into view. It is wielding a +0 club.
The wall freezes the goblin.
You kill the goblin!
The wall freezes the goblin.
You kill the goblin!
The wall freezes the hobgoblin.
You kill the hobgoblin!
Robin zaps a wand.
The puff of flame hits you.
A hobgoblin comes into view.
Unknown command.
Unknown command.
Robin roars a battlecry!
The goblins go into a battle-frenzy!
You hear a shout!
A goblin comes into view. It is wielding a +0 dagger.
Unknown command.
The wall freezes Robin.
The wall freezes the hobgoblin.
You kill the hobgoblin!
You feel better.
The wall freezes Robin.
Robin zaps a wand.
The puff of flame hits you!
Unknown command.
The wall freezes Robin.
Robin barely misses you.
The frozen ramparts melt away.
Robin hits you with a +2 dagger of distortion.
Space warps horribly around you!!
Ouch! That really hurt!
You die...

#.# #.#..##. #.#
#.##.##. ##.## #.......
####...#### ####.###
#.........# #.# #.
#...##.######.# #.
##............#
..####†###.###.########
#.gg$ggg@).# #.#
######.###.# #.# #. #.#
#.# .. .>. ..# ###
#.##### #.# #.# ..


You could see Robin, 2 hobgoblins and 2 goblins.

Vanquished Creatures
  Jessica (D:2)
  An adder (D:2)
  4 dart slugs
  A ball python (D:1)
  6 bats
  3 endoplasms
  2 giant cockroaches (D:2)
  7 goblins
  7 hobgoblins
  4 jackals (D:1)
  4 kobolds
  3 quokkas (D:2)
  3 frilled lizards
  5 rats
51 creatures vanquished.

Notes
Turn   | Place    | Note
-------+----------+-------------------------------------------
     0 | D:1      | Zeld the Ghoul Ice Elementalist began the quest for the
                  | Orb.
     0 | D:1      | Reached XP level 1. HP: 14/14 MP: 2/2
   471 | D:1      | Reached XP level 2. HP: 14/22 MP: 0/3
   795 | D:1      | Found a faded altar of an unknown god.
   904 | D:1      | Reached skill level 1 in Fighting
  1422 | D:1      | Reached XP level 3. HP: 23/28 MP: 5/5
  1433 | D:1      | Learned a level 3 spell: Frozen Ramparts
  2079 | D:2      | Noticed Jessica
  2084 | D:2      | Killed Jessica
  2085 | D:2      | Reached skill level 5 in Ice Magic
  2085 | D:2      | Reached XP level 4. HP: 36/36 MP: 6/6
  2211 | D:2      | Learned a level 3 spell: Ozocubu's Armour
  2474 | D:2      | Found a hazy altar of Hepliaklqana.
  2931 | D:3      | Noticed Robin
  2943 | D:3      | Slain by Robin

Illustrated notes

Levels and vault maps discovered:
D:1:      dpeg_arrival_round_b, layout_loops_corners,
          shapermc_ecumenical_altar_mp_ritualfount
D:2:      layout_basic, basic_altar, minmay_tall_x, uniq_jessica
D:3:      layout_loops_corners, uniq_robin

Skill      XL: |  1  2  3 |
---------------+----------+-----
Spellcasting   | 2 |  2.3
Fighting       | 1 2 |  2.2
Dodging        | 2 |  2.1
Ice Magic      | 5 |  5.0
Stealth        | |  2.8

Action                   |  1- 3 |  4- 6 || total
-------------------------+-------+-------++-------
Melee: Unarmed           |    37 |     6 ||    43
       Punch             |     2 |       ||     2
 Cast: Freeze            |    50 |    17 ||    67
       Frozen Ramparts   |       |     1 ||     1
Armor: Robe              |    16 |     8 ||    24
Dodge: Dodged            |    60 |    13 ||    73
